 Dungeon Crawl Stone Soup version bcrawl-1.36.4 (webtiles) character file.

Game seed: 12796322083268875946

160979 exe1 the Ducker (level 4, -1/35 HPs)
             Began as a Minotaur Archaeologist on Aug 12, 2022.
             Slain by a gnoll
             ... wielding a +0 halberd
              (8 damage)
             ... on level 3 of the Dungeon.
             The game lasted 00:06:13 (1595 turns).

exe1 the Ducker (Minotaur Archaeologist)            Turns: 1595, Time: 00:06:14

Health: -1/35      AC: 12    Str: 17    XL:     4   Next: 58%
Magic:  3/3        EV:  6    Int: 11    God:
Gold:   200        SH:  3    Dex:  8    Spells: 3/3 levels left

rFire    + . .     SeeInvis .   r - +0 hand axe
rCold    . . .     Gourm    .   o - +0 buckler
rNeg     . . .     Faith    .   n - +0 chain mail
rPois    .         Spirit   .   d - +1 hat
rElec    .         Reflect  .   (no cloak)
rCorr    .                      s - +0 pair of gloves
MR       .....                  k - +1 pair of boots
Stlth    ..........             (no amulet)
HPRegen  0.11/turn              u - ring of protection from fire
MPRegen  0.08/turn              (no ring)

@: no status effects
A: retaliatory headbutt, horns 2
a: no special abilities


You were on level 3 of the Dungeon.
You were not hungry.

You visited 1 branch of the dungeon, and saw 3 of its levels.

You collected 200 gold pieces.

Inventory:

Hand Weapons
 a - a +0 whip
 b - a +0 blowgun
 r - a +0 hand axe (weapon)
Missiles
 f - 6 curare-tipped needles
 v - 2 throwing nets {=f}
Armour
 c - a +1 robe
 d - a +1 hat (worn)
 k - a +1 pair of boots (worn)
 n - a +0 chain mail (worn)
 o - a +0 buckler (worn)
 s - a +0 pair of gloves (worn)
Magical Staves
 q - an uncursed staff of poison
Jewellery
 u - a ring of protection from fire (left hand)
 y - an uncursed ring of poison resistance
Scrolls
 g - 2 scrolls of magic mapping
 i - 4 scrolls of identify
 j - a scroll of enchant weapon {unknown}
 l - a scroll of fear {unknown}
 m - 4 scrolls of remove curse {unknown}
 p - a scroll of blinking {unknown}
 t - a scroll of teleportation {unknown}
 w - a scroll of immolation {unknown}
 A - a scroll of noise {unknown}
Potions
 e - a potion of resistance {unknown}
 x - a potion of berserk rage {unknown}
 z - a potion of brilliance {unknown}
Miscellaneous
 h - a dusty tome


   Skills:
 + Level 1.6 Fighting
 + Level 1.9(2.4) Axes
 + Level 2.2(2.6) Maces & Flails
 + Level 2.1 Armour
 + Level 4.2 Dodging
 + Level 3.0 Stealth
 + Level 0.8 Shields


You had 3 spell levels left.
You didn't know any spells.
Your spell library was empty.

Dungeon Overview and Level Annotations

Branches:
Dungeon (3/12)

Altars:
Okawaru


Innate Abilities, Weirdness & Mutations

You reflexively headbutt those who attack you in melee.
You have a pair of horns on your head.


Message History

You hit the gnoll.
The gnoll is severely wounded.
The gnoll barely misses you. The gnoll hits you but does no damage.
You hit the gnoll. You headbutt the gnoll.
You kill the gnoll!
The gnoll hits you but does no damage.
Your Armour skill increases to level 2!
A rat comes into view.
The gnoll hits you but does no damage. x2; The rat moves out of view.
You see here a +0 whip.
You hit the gnoll but do no damage.
The gnoll is moderately wounded.
The gnoll hits you from afar with a +0 halberd.
* * * LOW HITPOINT WARNING * * *
The gnoll hits you but does no damage. The orc hits you but does no damage.
You closely miss the gnoll. Your headbutt misses the gnoll.
The gnoll is moderately wounded.
Your shield and chain mail prevent you from hitting the orc.
The gnoll hits you from afar with a +0 halberd!
You die...

########## .........####
###....##....[#####
###..).#.##.....##.. .
.........##.....##.# ...
.#......######'###g###.....
)...........[..o@gg........
.....).........###.########
......##.#.#.......[.
).).#.##.#.#.......##.#
#<.÷.....#.#......... ..
###))....#.#........# ..
..÷[..####.#........# .
..#(..# #.##.......#
.#.#..# #.#


You could see 3 gnolls and an orc.

Vanquished Creatures
  3 adders
  A gnoll (D:3)
  An ooze (D:1)
  5 worms (D:2)
  A dart slug (D:2)
  3 orcs (D:3)
  2 ball pythons
  4 giant cockroaches
  2 goblins (D:2)
  11 hobgoblins
  9 kobolds
  2 bats
  A frilled lizard (D:2)
  2 rats (D:2)
47 creatures vanquished.

Notes
Turn   | Place    | Note
-------+----------+-------------------------------------------
     0 | D:1      | exe1 the Minotaur Archaeologist began the quest for the
                  | Orb.
     0 | D:1      | Reached XP level 1. HP: 16/16 MP: 0/0
   425 | D:1      | Reached XP level 2. HP: 23/23 MP: 1/1
   611 | D:2      | Reached skill level 4 in Dodging
   614 | D:2      | Reached XP level 3. HP: 20/28 MP: 2/2
   752 | D:2      | Found an iron altar of Okawaru.
   895 | D:2      | Reached skill level 1 in Armour
   981 | D:2      | Reached skill level 1 in Axes
  1065 | D:3      | Found a faded altar of an unknown god.
  1077 | D:3      | Reached XP level 4. HP: 15/35 MP: 3/3
  1595 | D:3      | Slain by a gnoll

Skill      XL: |  1  2  3  4 |
---------------+-------------+-----
Dodging        | 4 |  4.2
Maces & Flails | 2 |  2.2
Stealth        | 3 |  3.0
Armour         | 1 2 |  2.1
Axes           | 1 |  1.9
Fighting       | |  1.6
Shields        | |  0.8

Action                   |  1- 3 |  4- 6 || total
-------------------------+-------+-------++-------
Melee: Whip              |    38 |       ||    38
       Headbutt          |    19 |     4 ||    23
       Hand axe          |    67 |    49 ||   116
  Use: Scroll            |     2 |       ||     2
  Eat: Ration            |     1 |     1 ||     2
       Chunk             |       |     1 ||     1
Armor: Chain mail        |   103 |    62 ||   165
       Robe              |     2 |       ||     2
Dodge: Dodged            |    55 |    20 ||    75
Block: Buckler           |    22 |    16 ||    38
